AoeStats
← TUSHIRO1.2

Coastal Forest

510464454Analyzed
4v4 RM · 16h ago on Oct 1, 2026· 28m 58s· 8 players
Game mode
Random Map
Map size
Large (8 player)
Population
200
Speed
Normal
Resources
Standard
Victory
Conquest
Starting age
Dark Age
Ending age
Imperial Age
RankedLock teamsTeams togetherTeam positionsShared explorationLock speedFull tech treeHidden civsTurbo modeCheats
Victory
Defeat
🇲🇽 Aztecs · Mexico
1208
+14
🇲🇽 Bohemians · Mexico
1175
+15
🇲🇽 Varangians · Mexico
1079
+20
🇲🇽 Persians · Mexico
1073
+53
🇨🇱 Saxons · Chile
1192
-18
🇦🇷 Huns · Argentina
1148
-17
🇲🇽 Vikings · Mexico
1147
-17
🇨🇳 Celts · China
1128
-16
Earl Hickey
8:29 Loom
11:11 Feudal Age
16:21 Castle Age
14:26 Double-Bit Axe
15:24 Horse Collar
16:04 Fletching
16:37 Gold Mining
17:05 Town Watch
19:44 Crossbowman
20:54 Bow Saw
21:20 Bodkin Arrow
26:27 Padded Archer Armor
savage!
10:15 Feudal Age
8:33 Loom
10:18 Feudal Age
12:04 Double-Bit Axe
14:22 Horse Collar
16:26 Bloodlines
21:02 Wheelbarrow
24:22 Castle Age
22:16 Gold Mining
27:46 Bow Saw
28:30 Scale Mail Armor
28:41 Forging
28:48 Gambesons
29:03 Squires
29:33 Chain Mail Armor
Mr.Young
11:15 Feudal Age
16:37 Castle Age
14:25 Double-Bit Axe
16:19 Horse Collar
18:01 Loom
Tomii610
0:38 Loom
10:24 Feudal Age
14:51 Castle Age
17:42 Double-Bit Axe
17:39 Horse Collar
18:32 Loom
Tarak
7:57 Loom
10:52 Feudal Age
11:13 Man-at-Arms
18:48 Double-Bit Axe
20:04 Horse Collar
23:01 Castle Age
23:21 Town Watch
23:55 Crossbowman
28:55 Chemistry
olago89
1:18 Loom
10:30 Feudal Age
13:57 Bloodlines
15:38 Scale Barding Armor
16:15 Forging
21:46 Double-Bit Axe
24:16 Castle Age
24:24 Light Cavalry
26:19 Gold Mining
26:40 Bow Saw
26:15 Horse Collar
27:42 Chain Barding Armor
29:56 Iron Casting
TUSHIRO1.2
5:10 Loom
10:01 Feudal Age
14:36 Forging
16:13 Double-Bit Axe
21:26 Castle Age
20:07 Scale Barding Armor
20:23 Horse Collar
20:37 Gold Mining
22:04 Husbandry
22:35 Bloodlines
22:47 Chain Barding Armor
Nyro
7:34 Loom
10:06 Feudal Age
14:21 Double-Bit Axe
17:03 Fletching
23:23 Castle Age
21:31 Scale Mail Armor
21:34 Gold Mining
21:48 Arson
21:51 Horse Collar
23:24 Forging
23:16 Padded Archer Armor
23:26 Stone Mining
23:28 Crossbowman
24:48 Iron Casting
24:19 Squires
27:20 Gold Shaft Mining
26:47 Bodkin Arrow
26:53 Padded Archer Armor
29:23 Wheelbarrow
Connection lost

Rejoining the realm…

Still unreachable

The connection could not be restored.

Session expired

The server has moved on; the page needs a fresh start.